 Dungeon Crawl Stone Soup version 0.23-a0-622-g59b4ea9 (webtiles) character file.

20 Lavandula the Sneak (level 3, -4/21 HPs)
             Began as a Halfling Enchanter on Dec 23, 2018.
             Slain by a gnoll
             ... wielding a cursed -2 flail
              (7 damage)
             ... on level 3 of the Dungeon.
             The game lasted 00:02:19 (797 turns).

Lavandula the Sneak (Halfling Enchanter)             Turns: 797, Time: 00:02:20

Health: -4/21      AC:  6    Str:  9    XL:     3   Next: 0%
Magic:  1/5        EV: 10    Int: 14    God:
Gold:   24         SH:  0    Dex: 14    Spells: 2/5 levels left

rFire    . . .     SeeInvis .   a - +1 dagger
rCold    . . .     Gourm    .   (shield restricted)
rNeg     . . .     Faith    .   g - +0 scale mail (curse)
rPois    .         Spirit   .   (no helmet)
rElec    .         Reflect  .   (no cloak)
rCorr    .         Harm     .   (no gloves)
MR       .....                  (no boots)
Stlth    +.........             (no amulet)
HPRegen  0.07/turn              (no ring)
MPRegen  0.09/turn              (no ring)

@: very slightly contaminated
A: small, mutation resistance 1
a: no special abilities


You were on level 3 of the Dungeon.
You were hungry.

You visited 1 branch of the dungeon, and saw 4 of its levels.

You collected 24 gold pieces.

Inventory:

Hand Weapons
 a - a +1 dagger (weapon)
 e - a +0 long sword
Armour
 b - a +0 robe
 g - a cursed +0 scale mail (worn)
Potions
 c - a potion of haste
Comestibles
 d - 2 rations


   Skills:
 + Level 3.2 Short Blades
 - Level 2.1 Dodging
 - Level 3.2 Stealth
 - Level 1.5 Spellcasting
 - Level 2.4 Hexes


You had 2 spell levels left.
You knew the following spells:

 Your Spells              Type           Power        Failure   Level  Hunger
a - Corona                Hex            #......      63%         1    ##.....
b - Ensorcelled Hibernat  Hex/Ice        #.....       89%         2    ###....

Your spell library contained the following spells:

 Spells                   Type           Power        Failure   Level  Hunger
 Confuse                  Hex            #.......     94%         3    ####...
 Tukima's Dance           Hex            #.......     94%         3    ####...
 Dazzling Spray           Conj/Hex       #.....       98%         3    ####...


Dungeon Overview and Level Annotations

Branches:
Dungeon (4/15)
 Temple: D:4-7

Altars:


Innate Abilities, Weirdness & Mutations

You are small and have problems with some larger weapons.
You are somewhat resistant to further mutation.


Message History

The gnoll is moderately wounded.
You hit the gnoll.
The gnoll is moderately wounded.
The gnoll barely misses you.
You hit the gnoll but do no damage.
The gnoll is moderately wounded.
The gnoll hits you but does no damage.
You barely miss the gnoll.
The gnoll is moderately wounded.
You hit the gnoll.
The gnoll is heavily wounded.
The gnoll hits you with a cursed -2 flail!
* * * LOW HITPOINT WARNING * * *
You barely miss the gnoll.
The gnoll is heavily wounded.
The gnoll barely misses you.
You hit the gnoll.
The gnoll is severely wounded.
The gnoll hits you with a cursed -2 flail!
You die...

#..<..###.......###
.................>....#
#####......†..†.#.#.#.#
#.......###.#.#.#.#
.............#.#.#.#
................#.#.#
.....#####..###.#.#.#
...... #......#.#.#
#@####(#.#.# #g#
#.#.#.# #.# #.#.#.# #.#
#.#.#.# #.# #.#...# #.#
#.##### #.# #.# #.# #.#
#.#


You could see a gnoll.

Vanquished Creatures
  A bat (D:2)
  3 goblins
  5 hobgoblins
  A jackal (D:2)
  3 kobolds
  2 frilled lizards
  2 rats
17 creatures vanquished.

Notes
Turn   | Place    | Note
-------+----------+-------------------------------------------
     0 | D:1      | Lavandula the Halfling Enchanter began the quest for the
                  | Orb.
     0 | D:1      | Reached XP level 1. HP: 11/11 MP: 3/3
   226 | D:1      | Reached XP level 2. HP: 13/17 MP: 4/4
   243 | D:1      | Learned a level 2 spell: Ensorcelled Hibernation
   732 | D:3      | Reached XP level 3. HP: 16/21 MP: 5/5
   797 | D:3      | Slain by a gnoll

Vault maps used:
D:1:      dpeg_arrival_oval
D:2:      kennysheep_jessica_study
D:3:      minmay_misc_feat_columns
D:4:      tgw_trog, first_ration, chequers_serial_rivers_micro_e

Skill      XL: |  1  2 |
---------------+-------+-----
Short Blades   | 2 3 |  3.2
Dodging        | |  2.1
Stealth        | |  3.2
Spellcasting   | |  1.5
Hexes          | |  2.4

Action                   || total
-------------------------++-------
Melee: Dagger            ||    81
 Cast: Corona            ||     8
       Ensorcelled Hiber ||     3
  Use: Scroll            ||     1
 Stab: Sleeping          ||     4
Armor: Robe              ||     7
       Scale mail        ||     2
Dodge: Dodged            ||    36

Table legend:
 A = Non-vault XP
 B = Vault XP
 C = Vault XP percentage of total XP
 D = Non-vault monster count
 E = Vault monster count
 F = Vault count percentage of total count
                 A         B        C        D         E       F
            +---------+---------+-------+---------+---------+-------
      Total |      29 |       0 |   0.0 |      17 |       0 |   0.0
            +---------+---------+-------+---------+---------+-------
        D:1 |       9 |       0 |   0.0 |       5 |       0 |   0.0
        D:2 |      16 |       0 |   0.0 |       9 |       0 |   0.0
        D:3 |       4 |       0 |   0.0 |       3 |       0 |   0.0
            +---------+---------+-------+---------+---------+-------
